 Dungeon Crawl Stone Soup version 0.19.1-28-ge1247f7 (webtiles) character file.

28 DarkTechnomancer the Magician (level 2, 1/15 HPs)
             Began as a Deep Elf Wizard on Jan 21, 2017.
             Quit the game on level 1 of the Dungeon.
             The game lasted 00:02:59 (1626 turns).

DarkTechnomancer the Magician (Deep Elf Wizard)     Turns: 1626, Time: 00:03:00

Health: 1/15       AC:  3    Str:  4    XL:     2   Next: 96%
Magic:  0/10       EV: 13    Int: 22    God:
Gold:   120        SH:  0    Dex: 13    Spells: 1 memorised, 11 levels left

rFire  . . .     SeeInvis .     n - +0 dagger
rCold  . . .     Gourm    .     a - +0 robe
rNeg   . . .     Faith    .     (no shield)
rPois  .         Spirit   .     b - +0 hat
rElec  .         Reflect  .     g - +0 cloak (curse)
rCorr  .         Harm     .     (no gloves)
MR     .....                    (no boots)
Stlth  ++........               (no amulet)
                                (no ring)
                                (no ring)

@: very slightly contaminated
A: no striking features
a: no special abilities


You were on level 1 of the Dungeon.
You were hungry.

You visited 1 branch of the dungeon, and saw 2 of its levels.

You collected 120 gold pieces.

Inventory:

Hand Weapons
 n - a +0 dagger (weapon)
Armour
 a - a +0 robe (worn)
 b - a +0 hat (worn)
 g - a cursed +0 cloak (worn)
Scrolls
 e - a scroll of teleportation {unknown}
 f - a scroll of recharging {unknown}
 i - a scroll of identify {unknown}
 j - a scroll of remove curse {unknown}
 k - a scroll of immolation {unknown}
 m - a scroll of random uselessness {unknown}
Potions
 l - a potion of heal wounds {unknown}
Books
 c - a book of Minor Magic

   Spells                             Type                      Level
   a - Magic Dart                     Conjuration                  1
   b - Blink                          Translocation                2
   c - Call Imp                       Summoning                    2
   d - Repel Missiles                 Charms/Air                   2
   e - Slow                           Hexes                        2
   f - Conjure Flame                  Conjuration/Fire             3
   g - Mephitic Cloud                 Conjuration/Poison/Air       3
Comestibles
 d - 3 bread rations
 h - a beef jerky


   Skills:
 - Level 2.7 Dodging
 - Level 2.4 Stealth
 + Level 5.5 Spellcasting
 + Level 1.4 Conjurations
   Level 1.1 Summonings
   Level 1.1 Translocations


You had 11 spell levels left.
You knew the following spells:

 Your Spells              Type           Power        Failure   Level  Hunger
a - Magic Dart            Conj           ##..         8%          1    None


Dungeon Overview and Level Annotations

Branches:
Dungeon (2/15)

Altars:


Message History

Aiming: Magic Dart
Press: ? - help, Shift-Dir - straight line, f/p - hobgoblin
Aim: a hobgoblin (moderately wounded)
The magic dart hits the hobgoblin.
The hobgoblin is severely wounded.
The frilled lizard closely misses you. The hobgoblin hits you.
* * * LOW HITPOINT WARNING * * *
Casting: Magic Dart
Confirm with . or Enter, or press ? or * to list all spells.
You don't have enough magic to cast that spell.
Casting: Magic Dart
Confirm with . or Enter, or press ? or * to list all spells.
You don't have enough magic to cast that spell.
The frilled lizard bites you.
* * * LOW HITPOINT WARNING * * *
The frilled lizard closely misses you.
The hobgoblin hits you but does no damage.
You climb upwards.
There is a stone staircase leading down here.
Are you sure you want to abandon this character and quit the game? (Confirm with "yes".)

....###.#.# #..#..#
#..........
.#.####.#.# #.....#
##.#########
...#....#.# #.##.##
#........#.#
####...รท#.# #.##.#
#........#.#
...'....#.# #..#.#
#..........#
####...##.# ##.#.#
#........#..
######.# #...#
############ ##'##
##.l# #.. #...#
#.@########## #.#
#...# #.lg........#
#.#
#...####...........#
#.#
#..................#
#.#
#...###............#
#.. #...#
#............# ###
#...# #.#'##########
#...###.#'## #####
#...#......# #....


You could see a hobgoblin and 2 frilled lizards.

Vanquished Creatures
  A leopard gecko (D:1)
  3 giant cockroaches (D:1)
  3 goblins (D:1)
  8 hobgoblins
  3 kobolds (D:1)
  A bat (D:1)
  2 frilled lizards (D:1)
  2 rats
23 creatures vanquished.

Notes
Turn   | Place    | Note
-------+----------+-------------------------------------------
     0 | D:1      | DarkTechnomancer the Deep Elf Wizard began the quest for the Orb.
     0 | D:1      | Reached XP level 1. HP: 10/10 MP: 7/7
   452 | D:1      | Reached XP level 2. HP: 15/15 MP: 7/9
   456 | D:1      | Reached skill level 5 in Spellcasting
  1626 | D:1      | Quit the game

Skill      XL: |  1  2 |
---------------+-------+-----
Spellcasting   | 5 |  5.5
Dodging        | |  2.7
Stealth        | |  2.4
Conjurations   | |  1.4
Summonings     | |  1.1
Translocations | |  1.1

Action                   || total
-------------------------++-------
Melee: Unarmed           ||     1
 Cast: Magic Dart        ||    58
  Eat: Chunk             ||     1
Armor: Robe              ||     3
Dodge: Dodged            ||    18
